 Dungeon Crawl Stone Soup version 0.21.1-1-g345015fe64 (webtiles) character file.

36 Gargoyl the Skirmisher (level 3, 0/33 HPs)
             Began as a Centaur Abyssal Knight on Apr 17, 2018.
             Was a Follower of Lugonu.
             Slain by a black bear (4 damage)
             ... on level 2 of the Dungeon.
             The game lasted 00:02:15 (1099 turns).

Gargoyl the Skirmisher (Centaur Abyssal Knight)     Turns: 1099, Time: 00:02:16

Health: 0/33       AC:  4    Str: 14    XL:     3   Next: 19%
Magic:  4/4        EV:  9    Int: 11    God:    Lugonu [*.....]
Gold:   69         SH:  0    Dex:  9    Spells: 2/2 levels left

rFire    . . .     SeeInvis .   d - +4 hand axe
rCold    . . .     Gourm    .   (no shield)
rNeg     . . .     Faith    .   b - +0 leather armour
rPois    .         Spirit   .   (no helmet)
rElec    .         Reflect  .   (no cloak)
rCorr    .         Harm     .   (no gloves)
MR       .....                  (no barding)
Stlth    +.........             (no amulet)
HPRegen  0.11/turn              (no ring)
MPRegen  0.09/turn              (no ring)

@: flying, very quick
A: large, hooves 3, deformed body, speed 2, tough skin 3
a: Depart the Abyss, Renounce Religion


You were on level 2 of the Dungeon.
You worshipped Lugonu.
Lugonu was aware of your devotion.
You were not hungry.

You visited 1 branch of the dungeon, and saw 2 of its levels.
You visited the Abyss 1 time.

You collected 69 gold pieces.

Inventory:

Hand Weapons
 a - a +1 hand axe
 d - a +4 hand axe (weapon)
Armour
 b - a +0 leather armour (worn)
Comestibles
 c - 4 rations
 g - a chunk of flesh


   Skills:
 + Level 3.6 Fighting
 + Level 2.2 Axes
 * Level 1.6 Armour
 + Level 0.6 Dodging
 * Level 2.3 Invocations


You had 2 spell levels left.
You didn't know any spells.

Dungeon Overview and Level Annotations

Branches:
Dungeon (2/15)

Altars:
Qazlal


Innate Abilities, Weirdness & Mutations

You have hooves in place of feet.
Armour fits poorly on your strangely shaped body.
You cover ground very quickly.
You have extremely tough skin. (AC +3)


Message History

You barely miss the rat. The rat bites you. The black bear bites you.
The black bear claws you. x2; The rat barely misses you.
The black bear bites you but does no damage.
The black bear barely misses you. The black bear claws you.
It was a potion of flight.
You feel very buoyant.
You fly up into the air.
The rat bites you but does no damage.
The black bear bites you but does no damage.
The black bear claws you. The black bear closely misses you.
The black bear bites you.
* * * LOW HITPOINT WARNING * * *
The black bear barely misses you.
The black bear claws you but does no damage.
Okay, then.
You barely miss the goblin. You slash the goblin!
You kill the goblin!
Lugonu accepts your kill.
You barely miss the black bear. The goblin barely misses you.
The black bear bites you.
You die...

###################
######....รท.....@g......
....##..#...#..h#)..#...
###.##_...............$.
..<..#..#...#...#...#...
.....#..................
.....###################
###.#..##.....
...#........#
###.#.###.....


You could see a black bear and a goblin.

Vanquished Creatures
  An ooze (D:1)
  A dart slug (D:1)
  2 leopard geckos (D:1)
  A ball python (D:1)
  3 giant cockroaches (D:1)
  3 goblins
  2 hobgoblins (D:1)
  3 kobolds (D:1)
  4 bats
  7 rats (D:1)
27 creatures vanquished.

Notes
Turn   | Place    | Note
-------+----------+-------------------------------------------
     0 | Abyss:1  | Gargoyl the Centaur Abyssal Knight began the quest for the Orb.
     0 | Abyss:1  | Reached XP level 1. HP: 19/19 MP: 2/2
    82 | Abyss:3  | Noticed a hellwing
   114 | Abyss:4  | Noticed an eidolon
   115 | Abyss:4  | Noticed a raiju
   120 | Abyss:5  | Entered Level 5 of the Abyss
   139 | Abyss:5  | Noticed a raiju
   183 | Abyss:5  | Noticed a freezing wraith
   189 | D:1      | Escaped the Abyss
   240 | D:1      | Reached * piety under Lugonu
   346 | D:1      | Reached XP level 2. HP: 26/26 MP: 3/3
   548 | D:1      | Reached XP level 3. HP: 33/33 MP: 4/4
  1076 | D:2      | Found a stormy altar of Qazlal.
  1087 | D:2      | Noticed a black bear
  1099 | D:2      | Slain by a black bear

Skill      XL: |  1 |
---------------+----+-----
Axes           | 2 |  2.2
Fighting       | |  3.6
Armour         | |  1.6
Dodging        | |  0.6
Invocations    | |  2.3

Action                   || total
-------------------------++-------
Melee: Hand axe          ||    46
       Kick              ||     4
Invok: Depart the Abyss  ||     1
Evoke: Wand              ||     1
  Use: Potion            ||     3
       Scroll            ||     2
Armor: Leather armour    ||    37
Dodge: Dodged            ||    39
